 Dungeon Crawl Stone Soup version 0.30-a0-711-gf4ac18a38d (webtiles) character file.

Game seed: 5914018445763886317

50217 Absynth the Severer (level 14, -6/193 HPs)
             Began as a Minotaur Berserker on Jan 22, 2023.
             Was a High Priest of Trog.
             Mangled by an orc knight
             ... wielding a +0 glaive
              (13 damage)
             ... on level 2 of the Orcish Mines.
             The game lasted 00:54:39 (20466 turns).

Absynth the Severer (Minotaur Berserker)           Turns: 20466, Time: 00:54:40

Health: -6/193     AC: 22    Str: 33    XL:     14   Next: 18%
Magic:  13/13      EV:  8    Int:  4    God:    Trog [*****.]
Gold:   855        SH: 15    Dex: 12    Spells: 13/13 levels left

rFire   + + .      SeeInvis .    a - +10 war axe of Vireadeonn {heavy, Dex+3}
rCold   x . .      Faith    .    I - +0 tower shield
rNeg    + . .      Spirit   .    i - +0 fire dragon scales
rPois   .          Reflect  .    d - +2 hat
rElec   .          Harm     .    y - +1 cloak
rCorr   .          Rampage  .    e - +0 pair of gloves
Will    +++++      Clarity  +    Q - +2 pair of boots Stlth
                                 J - amulet of the Four Winds {rN+ Will+++ Clar}
HPRegen 1.52/turn                O - ring "Plog" {Will+ Str+5}
MPRegen 0.13/turn                (no ring)

@: berserking, strong-willed, regenerating, very quick
A: horns 2, retaliatory headbutt
a: Renounce Religion, Berserk, Trog's Hand, Brothers in Arms


You were on level 2 of the Orcish Mines.
You worshipped Trog.
Trog was extremely pleased with you.
You visited 2 branches of the dungeon, and saw 17 of its levels.
You also visited: Ossuary and Bailey.

You collected 2433 gold pieces.
You spent 1578 gold pieces at shops.

Inventory:

Hand Weapons
 a - the +10 war axe of Vireadeonn (weapon) {heavy, Dex+3}
   (Trog gifted it to you in a bailey)

   Dex:       It affects your dexterity (+3).
 b - a +3 flail of protection
 R - the +7 sling of Koti {freeze, rPois MP+9 Int-4 Dex+8}
   (You found it on level 11 of the Dungeon)

   Int:       It affects your intelligence (-4).
   Dex:       It affects your dexterity (+8).
   rPois:     It protects you from poison.
   MP:        It affects your magic capacity (+9).
Missiles
 c - 6 curare-tipped darts
 r - 4 atropa-tipped darts
 B - 11 datura-tipped darts
 E - 37 poisoned darts
Armour
 d - a +2 hat (worn)
 e - a +0 pair of gloves (worn)
 i - +0 fire dragon scales (worn)
 u - a +0 plate armour
 y - a +1 cloak (worn)
 I - a +0 tower shield (worn)
 Q - a +2 pair of boots (worn)
Jewellery
 J - the amulet of the Four Winds (around neck) {rN+ Will+++ Clar}
   (You bought it in a shop on level 1 of the Orcish Mines)

   [amulet of nothing]

   rN:        It protects you from negative energy.
   Clar:      It protects you against confusion.
   Will:      It greatly increases your willpower.
 O - the ring "Plog" (left hand) {Will+ Str+5}
   (You found it on level 9 of the Dungeon)

   [ring of willpower]

   Str:       It affects your strength (+5).
   Will:      It increases your willpower.
Wands
 s - a wand of roots (7)
 v - a wand of flame (29) (quivered)
 z - a wand of mindburst (14)
 A - a wand of quicksilver (31)
 H - a wand of paralysis (14)
 T - a wand of polymorph (4)
Scrolls
 g - 6 scrolls of teleportation
 j - 2 scrolls of poison
 l - 2 scrolls of summoning
 m - 2 scrolls of fog
 p - 6 scrolls of vulnerability
 t - 9 scrolls of blinking
 w - 5 scrolls of enchant weapon
 x - 2 scrolls of enchant armour
 C - a scroll of brand weapon
 D - a scroll of torment {unknown}
 N - a scroll of fear {unknown}
Potions
 f - 4 potions of heal wounds
 k - 3 potions of invisibility
 n - 3 potions of haste
 o - 4 potions of might
 q - 8 potions of curing
 F - 3 potions of flight
 G - a potion of resistance
 L - a potion of cancellation
 S - 2 potions of berserk rage
Miscellaneous
 K - a lightning rod (4/4)
 M - a piece from Xom's chessboard (15/15)
 P - a box of beasts


   Skills:
 - Level 13.3 Fighting
 - Level 18.1 Axes
 - Level 13.1 Armour
 - Level 2.6 Dodging
 + Level 9.3 Shields
 - Level 9.8 Evocations


You had 13 spell levels left.
You didn't know any spells.
Your spell library was empty.

Dungeon Overview and Level Annotations

Branches:
Dungeon (15/15)            Temple (0/1) D:5            Lair (0/5) D:11
    Orc (2/2) D:11            Elf (0/3) Orc:2        Vaults (0/5) D:14
 Depths (0/4) D:15        Ossuary (visited)          Bailey (visited)

Altars:
Ashenzari
Cheibriados
Dithmenos
Elyvilon
Fedhas
Gozag
Hepliaklqana
Kikubaaqudgha
Nemelex Xobeh
Qazlal
Uskayaw
Vehumet
Xom
Yredelemnul

Shops:
D:1 =   Orc:1 *:


Innate Abilities, Weirdness & Mutations

You have a pair of horns on your head.
You reflexively headbutt those who attack you in melee.


Message History

You feel strong-willed. You block the orc knight's attack.
The orc knight hits you from afar with a +0 glaive.
* * * LOW HITPOINT WARNING * * *
The orc knight hits you with a +0 great sword!!
* * * LOW HITPOINT WARNING * * *
You feel much better. You block the orc knight's attack.
The orc knight hits you from afar with a +0 glaive.
* * * LOW HITPOINT WARNING * * *
You block the orc knight's attack. The orange demon barely misses you.
A red film seems to cover your vision as you go berserk!
You feel yourself moving faster!
You feel mighty!
The orc high priest mumbles some strange prayers to Beogh against you.
Beogh smites you!
* * * LOW HITPOINT WARNING * * *
You block the orc knight's attack.
The orc knight hits you from afar with a +0 glaive!!
* * * LOW HITPOINT WARNING * * *
The orc knight closely misses you. You block the orange demon's attack.
You are too injured to fight recklessly!
You slash the orc knight! Your headbutt misses the orc knight.
The orc knight is almost dead.
You barely miss the orc knight. You block the orc knight's attack. x2
The orc knight hits you with a +0 great sword!!
* * * LOW HITPOINT WARNING * * *
The orange demon closely misses you.
You slash the orc knight!
You kill the orc knight!
Trog accepts your kill.
You barely miss the orc knight.
The orc high priest utters an invocation to Beogh.
You block the orc knight's attack. The orc knight barely misses you.
The orange demon stings you from afar.
* * * LOW HITPOINT WARNING * * *
You slice the orc knight like a ripe choko!!!
You kill the orc knight!
Trog accepts your kill.
The orange demon disappears in a puff of smoke!
The orc knight hits you from afar with a +0 glaive!
You die...

.##.........######
##...##.......##.##
....####..........#
...#..####^......##
...#.###.........# ###
......#.......#.####.##
......#.....)..#.#o4..#
..............)[)oo..##
................@#)..#
...........##..####o.####
###.......###### #.3.#.##
# #.......# ##))...#
##.....## ### ##o..##
####.## ##.#####o..# ###
#...#.##).##
##....).....##
#......#.....#


You could see 2 orc knights, an orc high priest (strong) and a chaos spawn
(summoned).

Vanquished Creatures
  Gastronok (D:8)
  Louise (D:15)
  An orc warlord (Orc:1)
  An ettin (D:15)
  A fire dragon (D:14)
  4 boulder beetles
  A hydra (D:9)
  5 centaur warriors
  4 two-headed ogres
  A tengu warrior (D:14)
  4 orc high priests
  An iron troll (D:14)
  A swamp dragon (shapeshifter) (D:15)
  2 deep trolls (D:15)
  7 orc knights
  Pikel (D:5)
  A harpy (shapeshifter) (D:14)
  A necromancer (D:15)
  2 deep elf pyromancers
  4 orc sorcerers
  2 manticores
  7 cyclopes
  8 ugly things
  Maurice (D:10)
  Maggie (D:8)
  3 gargoyles
  A tengu conjurer (D:14)
  An efreet (D:15)
  A yaktaur (shapeshifter) (D:9)
  A polar bear (shapeshifter) (D:9)
  6 trolls
  A hornet (D:10)
  A raiju (shapeshifter) (D:14)
  A tarantella (shapeshifter) (D:9)
  3 slime creatures (D:10)
  Prince Ribbit (D:8)
  A vampire (D:10)
  14 yaks
  A human (D:13)
  4 wraiths
  A spriggan (shapeshifter) (D:9)
  2 basilisks
  2 wyverns
  Eustachio (D:5)
  2 vampire mosquitoes (D:14)
  Edmund (D:5)
  3 wargs
  3 acid dragons
  Duvessa (D:7)
  35 orc warriors
  An ice beast (D:6)
  A sky beast (D:6)
  2 ogres
  3 black bears
  4 wolves (D:11)
  10 centaurs
  8 kobold brigands
  4 bullfrogs
  A gnoll sergeant (D:6)
  3 necrophages
  8 wights
  Dowan (D:7)
  6 killer bees (D:10)
  2 electric eels (D:11)
  A crimson imp (D:13)
  A howler monkey (D:10)
  34 orc priests
  8 hounds
  A jelly (D:4)
  19 orc wizards
  5 iguanas
  A statue (D:8)
  12 mummies (Ossuary)
  11 gnolls
  2 adders
  2 shadow imps
  2 white imps
  2 dart slugs (D:4)
  89 orcs
  3 ball pythons
  10 bats
  3 endoplasms
  4 giant cockroaches
  11 goblins
  8 hobgoblins
  3 jackals (D:2)
  2 quokkas
  2 frilled lizards
  A gnoll skeleton (Ossuary)
  A goblin skeleton (Ossuary)
  34 kobolds
  3 kobold skeletons (Ossuary)
  3 orc skeletons (Ossuary)
  8 rats
  11 rat skeletons (Ossuary)
505 creatures vanquished.

Vanquished Creatures (collateral kills)
  A hydra (D:15)
  2 tengu warriors (D:15)
  A tengu conjurer (D:15)
4 creatures vanquished.

Vanquished Creatures (others)
  10 plants
10 creatures vanquished.

Grand Total: 519 creatures vanquished

Notes
Turn   | Place    | Note
-------+----------+-------------------------------------------
     0 | D:1      | Absynth the Minotaur Berserker began the quest for the Orb.
     0 | D:1      | Reached XP level 1. HP: 19/19 MP: 0/0
   181 | D:1      | Found Esefepp's Jewellery Shop.
   192 | D:1      | Reached XP level 2. HP: 22/27 MP: 1/1
   235 | D:1      | Reached skill level 4 in Axes
   645 | D:1      | Reached ** piety under Trog
   706 | D:1      | Reached XP level 3. HP: 29/33 MP: 2/2
   815 | D:1      | Found a faded altar of an unknown god.
  1546 | D:3      | Found a transporter.
  1565 | D:3      | Found a transporter.
  1585 | D:3      | Identified the +2 robe of Patterns {rF+}
  1595 | D:3      | Found an ancient bone altar of Kikubaaqudgha.
  1606 | D:3      | Reached skill level 5 in Axes
  1606 | D:3      | Reached XP level 4. HP: 14/41 MP: 3/3
  2052 | D:3      | Found a white marble altar of Elyvilon.
  2512 | D:4      | Found a broken altar of Ashenzari.
  2802 | D:4      | Reached XP level 5. HP: 45/47 MP: 4/4
  2919 | D:4      | Noticed an ogre
  2928 | D:4      | Killed an ogre
  2929 | D:4      | Reached skill level 1 in Evocations
  3107 | D:4      | Found a shadowy altar of Dithmenos.
  3135 | D:4      | Reached skill level 5 in Fighting
  3135 | D:4      | Reached skill level 6 in Axes
  3135 | D:4      | Reached XP level 6. HP: 47/56 MP: 5/5
  3331 | D:5      | Entered Level 5 of the Dungeon
  3530 | D:5      | Reached *** piety under Trog
  3552 | D:5      | Found a sand-covered staircase.
  3556 | D:5      | Noticed Eustachio
  3561 | Ossuary  | Entered an ossuary
  3835 | Ossuary  | Reached XP level 7. HP: 52/61 MP: 6/6
  4080 | Ossuary  | Reached skill level 7 in Axes
  4119 | D:5      | Killed Eustachio
  4120 | D:5      | Reached skill level 5 in Armour
  4275 | D:5      | Noticed Edmund
  4288 | D:5      | Killed Edmund
  4392 | D:5      | Reached **** piety under Trog
  4476 | D:5      | Reached skill level 8 in Axes
  4487 | D:5      | Noticed Pikel
  4500 | D:5      | Killed Pikel
  4501 | D:5      | Reached XP level 8. HP: 71/71 MP: 7/7
  4743 | D:5      | Found a staircase to the Ecumenical Temple.
  5073 | D:5      | Reached skill level 9 in Axes
  5312 | D:6      | Found a stormy altar of Qazlal.
  5348 | D:6      | Reached XP level 9. HP: 79/79 MP: 8/8
  5430 | D:6      | Found a hide-covered altar of Uskayaw.
  5697 | D:6      | Reached skill level 10 in Axes
  5744 | D:6      | Found a snail-covered altar of Cheibriados.
  6191 | D:7      | Noticed Dowan
  6194 | D:7      | Noticed Duvessa
  6209 | D:7      | Killed Duvessa
  6417 | D:7      | Killed Dowan
  6657 | D:7      | Found a hazy altar of Hepliaklqana.
  7569 | D:8      | Found a shimmering altar of Xom.
  7580 | D:8      | Reached skill level 11 in Axes
  7580 | D:8      | Reached skill level 5 in Evocations
  7943 | D:8      | Reached XP level 10. HP: 68/86 MP: 9/9
  7948 | D:8      | Noticed Gastronok
  8052 | D:8      | Noticed Maggie
  8060 | D:8      | Killed Maggie
  8093 | D:8      | Noticed Prince Ribbit
  8102 | D:8      | Killed Prince Ribbit
  8255 | D:8      | Killed Gastronok
  8256 | D:8      | Reached skill level 12 in Axes
  8350 | D:8      | Reached ***** piety under Trog
  8355 | D:8      | Found a blossoming altar of Fedhas.
  8413 | D:8      | Noticed a centaur warrior
  8428 | D:8      | Killed a centaur warrior
  8436 | D:8      | Identified the +7 halberd of the Wilderness {heavy, rElec
                  | Str+3 Int+3}
  8571 | D:8      | Found a radiant altar of Vehumet.
  8666 | D:9      | Reached skill level 13 in Axes
  8696 | D:9      | Found an opulent altar of Gozag.
  8735 | D:9      | Found a basalt altar of Yredelemnul.
  8890 | D:9      | Found a sparkling altar of Nemelex Xobeh.
  9176 | D:9      | Noticed a cyclops
  9176 | D:9      | Noticed a five-headed hydra
  9228 | D:9      | Killed a cyclops
  9254 | D:9      | Noticed a cyclops
  9261 | D:9      | Killed a cyclops
  9262 | D:9      | Reached XP level 11. HP: 83/99 MP: 10/10
  9324 | D:9      | Noticed a centaur warrior
  9334 | D:9      | Killed a centaur warrior
  9335 | D:9      | Reached skill level 10 in Fighting
  9748 | D:9      | Reached skill level 10 in Armour
  9751 | D:9      | Identified the +5 long sword "Ogrebane" {heavy, *Rage rN+++
                  | rCorr Stlth-}
  9753 | D:9      | Identified the ring "Plog" {Will+ Str+5}
  9847 | D:9      | Killed a five-headed hydra
  9848 | D:9      | Reached skill level 14 in Axes
 10061 | D:10     | Entered Level 10 of the Dungeon
 10061 | D:10     | Noticed Maurice
 10084 | D:10     | Killed Maurice
 10096 | D:10     | Found a flagged portal.
 10102 | Bailey   | Entered a bailey
 10212 | Bailey   | Identified the +10 war axe of Vireadeonn {heavy, Dex+3}
                  | (Trog gifted it to you in a bailey)
 10212 | Bailey   | Received a gift from Trog
 10508 | Bailey   | Noticed an orc knight
 10517 | Bailey   | Killed an orc knight
 10531 | Bailey   | Found an iron altar of Okawaru.
 10962 | D:10     | Identified the +7 halberd "Cefoet" {spect, Fly rC+}
 12259 | D:11     | Reached skill level 15 in Axes
 12270 | D:11     | Found a staircase to the Orcish Mines.
 12270 | D:11     | Noticed a boulder beetle
 12460 | D:10     | Killed a boulder beetle
 12461 | D:10     | Reached XP level 12. HP: 91/110 MP: 11/11
 12786 | D:11     | Received a gift from Trog
 13052 | D:11     | Found a staircase to the Lair.
 13052 | D:11     | Identified the +7 sling of Koti {freeze, rPois MP+9 Int-4
                  | Dex+8}
 13390 | D:11     | Noticed a two-headed ogre
 13398 | D:11     | Killed a two-headed ogre
 13642 | D:11     | Found an ancient bone altar of Kikubaaqudgha.
 13872 | D:12     | Noticed a two-headed ogre
 13878 | D:12     | Killed a two-headed ogre
 13916 | D:12     | Reached skill level 16 in Axes
 14576 | D:13     | Noticed a centaur warrior
 14582 | D:13     | Killed a centaur warrior
 14583 | D:13     | Noticed a two-headed ogre
 14592 | D:13     | Killed a two-headed ogre
 14980 | D:13     | Noticed a boulder beetle
 14986 | D:13     | Killed a boulder beetle
 15436 | D:14     | Noticed a boulder beetle
 15442 | D:14     | Killed a boulder beetle
 15963 | D:14     | Noticed a fire dragon
 15975 | D:14     | Killed a fire dragon
 15976 | D:14     | Reached XP level 13. HP: 119/119 MP: 12/12
 15985 | D:14     | Reached skill level 17 in Axes
 16166 | D:14     | Found a gate to the Vaults.
 16566 | D:15     | Entered Level 15 of the Dungeon
 16791 | D:15     | Noticed an ettin
 16803 | D:15     | Killed an ettin
 17072 | D:15     | Found a staircase to the Depths.
 17429 | D:15     | Paralysed by a centaur for 4 turns
 17694 | D:15     | Found a shadowy altar of Dithmenos.
 17710 | D:15     | Noticed Louise
 17727 | D:15     | Killed Louise
 17917 | D:15     | Reached skill level 18 in Axes
 18319 | Orc:1    | Entered Level 1 of the Orcish Mines
 18319 | Orc:1    | Noticed an orc warlord
 18325 | Orc:1    | Reached skill level 1 in Shields
 18327 | Orc:1    | Killed an orc warlord
 18382 | Orc:1    | Found Iwoahui's Self-Improvement Boutique.
 18601 | Orc:1    | Reached skill level 5 in Shields
 18777 | Orc:2    | Entered Level 2 of the Orcish Mines
 18807 | Orc:2    | Found a staircase to the Elven Halls.
 18865 | Orc:2    | Received a gift from Trog
 19207 | Orc:1    | Reached XP level 14. HP: 129/129 MP: 13/13
 19304 | Orc:1    | Found Axkouwas's Assorted Antiques.
 19309 | Orc:1    | Bought the amulet of the Four Winds {rN+ Will+++ Clar} for
                  | 1578 gold pieces
 19309 | Orc:1    | Found the amulet of the Four Winds {rN+ Will+++ Clar}
 19515 | Orc:2    | Reached ****** piety under Trog
 20464 | Orc:2    | HP: 6/193 [orc knight/+0 great sword (35)]
 20466 | Orc:2    | Mangled by an orc knight

Illustrated notes

Levels and vault maps discovered:
D:1:      dpeg_arrival_prison, layout_loops_ring,
          shapermc_ecumenical_altar_hornbeckon, serial_shops,
          nicolae_shop_crystal, corexii_hall_statues_x
D:2:      layout_loops_cross
D:3:      gammafunk_wand_slinger, layout_basic, nicolae_elyvilon_temple_path,
          overflow_temple_1_default
D:4:      minmay_wonky_spiral, layout_basic, mainiacjoe_overflow_alcove_2,
          mainiacjoe_overflow_boulevard, minmay_misc_feat_diagonals
D:5:      layout_basic, temple_statues, enter_ossuary_1,
          hangedman_decor_diamond_cutter, uniq_edmund, uniq_eustachio,
          uniq_pikel
D:6:      layout_basic, amcnicky_altar_gilded, kennysheep_mini_moat,
          lemuel_round_altar, skrybe_limestone_x, nrook_mini_backslash,
          hellmonk_bongcloud_opening, serial_bayou_pond_d
D:7:      layout_layer_cave, mainiacjoe_overflow_paths, serial_park_tiny_pond,
          uniq_duvessa
D:8:      layout_cave_pools, brannock_xom_greatest_gift, vehumet_statue,
          fedhas_bush_and_centaur_altar, minmay_radiant, uniq_prince_ribbit1,
          uniq_maggie, uniq_gastronok
D:9:      minmay_sliced_demisemicircle, layout_stronghold,
          nicolae_gozag_cash_rules_everything_around_me,
          mainiacjoe_overflow_six_doors_small, mainiacjoe_overflow_chevrons,
          hangedman_decor_push
D:10:     nicolae_whirlpool, layout_grid_maze, enter_bailey_3, uniq_maurice
D:11:     layout_irregular_city, erik_lair_island, david_orc_5,
          chequers_arboretum, kiku_gazebo_pond_becter
D:12:     layout_loops_ring
D:13:     layout_small_grid, nicolae_concentric_dashed_squares_mild,
          hangedman_stone_soup
D:14:     layout_gridville, david_vaults_4, wad_floor_pattern_2
D:15:     hangedman_depths_entry_civil_slaughter, layout_gridville,
          nicolae_dithmenos_shadow_blocks, uniq_louise
Orc:1:    layout_diamond_mine, serial_shops, nicolae_shop_stone,
          nicolae_shop_self_help
Orc:2:    st_orc_pillars, layout_diamond_mine, basic_altar

Skill      XL: |  1  2  3  4  5  6  7  8  9 10 11 12 13 14 |
---------------+-------------------------------------------+-----
Axes           | 4 5 6 8 9 11 13 15 16 18 | 18.1
Fighting       | 4 5 6 7 8 9 11 12 13 | 13.3
Armour         | 3 4 6 8 9 10 12 13 | 13.1
Evocations     | 1 2 3 4 5 6 7 9 |  9.8
Shields        | 7 9 |  9.3
Dodging        | |  2.6

Action                     |  1- 3 |  4- 6 |  7- 9 | 10-12 | 13-15 || total
---------------------------+-------+-------+-------+-------+-------++-------
  Melee: Hand axe          |   102 |    50 |   180 |   194 |       ||   526
         Headbutt          |    12 |    28 |    54 |    91 |    47 ||   232
         War axe           |       |    65 |    65 |   224 |   269 ||   623
         Punch             |       |     3 |     3 |     7 |       ||    13
         Flail             |       |       |       |     4 |     3 ||     7
 Invoke: Berserk           |     1 |     1 |     4 |     6 |     7 ||    19
         Trog's Hand       |       |       |       |       |     2 ||     2
  Evoke: Wand              |       |     1 |       |     5 |     1 ||     7
         Box of beasts     |       |       |       |     1 |     1 ||     2
    Use: Scroll            |       |       |    20 |    11 |       ||    31
         Potion            |       |       |       |       |     5 ||     5
   Stab: Distracted        |       |       |       |     1 |     1 ||     2
 Armour: Animal skin       |     3 |       |       |       |       ||     3
         Chain mail        |    40 |    31 |    72 |       |       ||   143
         Plate armour      |       |       |     4 |   248 |    14 ||   266
         Fire dragon scale |       |       |       |       |   152 ||   152
  Dodge: Dodged            |    62 |    21 |    47 |   166 |    74 ||   370
  Block: Other             |    11 |    19 |    41 |    91 |    22 ||   184
         Reflection        |     1 |     1 |     4 |    36 |     1 ||    43
         Tower shield      |       |       |       |       |   172 ||   172

Table legend: (Time is in decaauts)
 A = Elapsed time spent in this place.
 B = Non-inter-level travel time spent in this place.
 C = Inter-level travel time spent in this place.
 D = Time resting spent in this place.
 E = Time spent auto-exploring this place.
 F = Levels seen in this place.
 G = Mean time per level.
                   A        B        C        D        E       F      G
               +--------+--------+--------+--------+--------+-----+--------+
         Total |  20680 |  20021 |    659 |   4891 |  11231 |  19 | 1088.4 |
       Dungeon |  17464 |  16853 |    611 |   4031 |   9898 |  15 | 1164.3 |
  Orcish Mines |   2173 |   2126 |     47 |    608 |    915 |   2 | 1086.5 |
       Ossuary |    565 |    565 |      0 |      0 |    404 |   1 |  565.0 |
        Bailey |    477 |    477 |      0 |    252 |     14 |   1 |  477.0 |
               +--------+--------+--------+--------+--------+-----+--------+

Top non-repeatable levels by time:
    D:10: 1981 daAuts
    D:15: 1747 daAuts
   Orc:2: 1469 daAuts
    D:11: 1419 daAuts
     D:9: 1399 daAuts
     D:7: 1334 daAuts
     D:5: 1311 daAuts
     D:6: 1183 daAuts
    D:14: 1160 daAuts
     D:8: 941 daAuts
     D:4: 914 daAuts
     D:3: 891 daAuts
    D:13: 877 daAuts
     D:1: 873 daAuts
    D:12: 743 daAuts
